 Dungeon Crawl Stone Soup version 0.14.0-18-g0341e45 (webtiles) character file.

129282 MDvedh the Warrior (level 16, -11/145 HPs)
             Began as a Demonspawn Berserker on Apr 20, 2014.
             Was a High Priest of Trog.
             Mangled by a faun
             ... wielding a +2,+0 quarterstaff of draining
              (13 damage)
             ... on Level 1 of the Shoals.
             The game lasted 01:16:35 (35485 turns).

MDvedh the Warrior (Demonspawn Berserker)          Turns: 35485, Time: 01:16:35

HP -11/145       AC 28     Str 25      XL: 16   Next: 47%
MP  16/16        EV  7     Int  5      God: Trog [*****.]
Gold 1326        SH  4     Dex 10      Spells:  0 memorised, 15 levels left

rFire  + . .     SeeInvis .     n - +4,+10 dire flail of Rotation {elec, rElec}
rCold  + . .     Clarity  .     p - +0 plate armour
rNeg   . . .     Conserve .     (no shield)
rPois  +         rCorr    .     E - +0 helmet of Cuxzuh {Int-4 Acc+6}
rElec  +         rRot     .     l - +1 cloak
SustAb . .       Spirit   .     K - +1 pair of gloves
rMut   +         Warding  .     q - +0 pair of boots {+Jump}
Saprov . . .     Stasis   .     O - amulet of resist mutation
MR     +....                    I - ring of regeneration
                                k - ring of protection from cold

@: slowed, glowing, drained, very slow, somewhat resistant to hostile
enchantments, extremely unstealthy
A: claws 1, talons 1, large bone plates 2, breathe flames 1, clumsy 1, fire
resistance 1, poison resistance, powered by death 2, spiny 3
a: Burn Spellbooks, Berserk, Trog's Hand, Brothers in Arms, Renounce Religion,
Breathe Fire, Evoke Jump Attack


You were on level 1 of the Shoals.
You worshipped Trog.
Trog was extremely pleased with you.
You were not hungry.

You visited 5 branches of the dungeon, and saw 29 of its levels.
You also visited: Labyrinth and Ice Cave.

You collected 3275 gold pieces.
You spent 1949 gold pieces at shops.

Inventory:

Hand weapons
 n - the +4,+10 dire flail of Rotation (weapon) {elec, rElec}
   (Trog gifted it to you on level 7 of the Lair of Beasts)

   Occasionally, upon striking a foe, it will discharge some electrical energy
   and cause terrible harm.
   It insulates you from electricity.
Armour
 l - a +1 cloak (worn)
 p - a +0 plate armour (worn)
 q - a +0 pair of boots of jumping (worn)
 E - the +0 helmet of Cuxzuh (worn) {Int-4 Acc+6}
   (You found it on level 3 of the Lair of Beasts)

   It affects your intelligence (-4).
   It affects your accuracy with ranged weapons and melee attacks (+6).
 K - a +1 pair of gloves (worn)
Magical devices
 a - a wand of digging (10)
 u - a wand of cold (7)
 A - a wand of teleportation (6)
 F - a wand of magic darts (5)
Comestibles
 c - 4 bread rations
Scrolls
 e - 3 scrolls of identify
 f - a scroll of vulnerability
 g - a scroll of noise
 h - 5 scrolls of remove curse
 o - 2 scrolls of fog
 r - a scroll of magic mapping
 t - a scroll of enchant armour
 y - 6 scrolls of teleportation
 J - 5 scrolls of fear
Jewellery
 d - the ring of Ykehoiw {+Blink +Fly SInv}
   (You bought it in a shop on level 4 of the Orcish Mines)

   [ring of see invisible]

   It lets you fly.
   It lets you blink.
 j - an uncursed ring of protection from magic
 k - a ring of protection from cold (left hand)
 m - an uncursed ring of fire
 I - a ring of regeneration (right hand)
 O - an amulet of resist mutation (around neck)
Potions
 b - a potion of porridge
 i - 2 potions of agility
 s - a potion of brilliance
 x - 3 potions of curing
 B - 7 potions of might
 C - a potion of resistance
 S - a potion of invisibility


   Skills:
 - Level 18.4(18.0) Fighting
 - Level 15.1(14.7) Maces & Flails
 + Level 14.5(14.2) Armour
 - Level 1.7(1.4) Dodging


You had 15 spell levels left.
You didn't know any spells.

Dungeon Overview and Level Annotations

Branches:
Dungeon (15/15)            Temple (0/1) D:7             Orc (4/4) D:10
    Elf (0/3) Orc:3          Lair (8/8) D:9          Shoals (1/5) Lair:6
 Spider (1/5) Lair:4        Slime (0/6) Lair:6       Vaults (0/5) D:13
 Depths (0/5) D:15

Altars:
Cheibriados
Elyvilon
Fedhas
Makhleb
Nemelex Xobeh
Okawaru
Sif Muna
Trog
Beogh
Jiyva

Shops:
Orc:4 (}?=}[

Annotations:
D:7 exclusion: ice statue
D:8 exclusion: oklob sapling


Innate Abilities, Weirdness & Mutations

You have sharp fingernails.
You are mostly covered in large bone plates (AC +3, SH +4).
You can steal the life force of defeated enemies.
You are completely covered in sharp spines.
You have sharp toenails.
You can breathe flames.
You are clumsy. (Dex -2)
Your flesh is heat resistant.
Your system is resistant to poisons.


Message History

You feel drained. The faun hits you but does no damage.
Unknown command.
Unknown command.
Unknown command.
Unknown command.
You closely miss the faun.
The faun is almost dead.
The faun unwields an uncursed sling.
The faun wields an uncursed quarterstaff.
The faun hits you with an uncursed quarterstaff!
* * * LOW HITPOINT WARNING * * *
The faun hits you with a runed spear.
* * * LOW HITPOINT WARNING * * *
x2 The faun barely misses you.
You barely miss the faun.
The faun is almost dead.
The faun hits you but does no damage. The faun hits you with a runed spear!
* * * LOW HITPOINT WARNING * * *
x2 The faun hits you with an uncursed quarterstaff of draining!
You die...

≈≈≈ ≈≈≈≈≈≈≈ .≈≈....
≈≈≈≈≈≈≈≈ . .......≈
≈≈≈≈≈≈≈≈≈
...##..≈...≈≈≈≈≈≈≈≈≈≈≈≈
....#.........≈≈≈≈≈≈≈≈≈≈
≈≈.....≈≈..(..≈≈≈≈≈≈≈≈≈≈
≈....≈........≈≈≈≈≈≈...≈
≈≈...≈≈ccc.....≈≈≈≈.....≈
≈≈≈≈≈≈≈≈@......≈........≈
≈≈....≈≈≈................
......≈≈≈(......≈.......
P.##.≈≈≈≈≈..)..≈..##....
..#.≈≈≈...........###..≈
.................###...
......(...........#....
##P................≈..
#..#P.###...........#


You could see 3 fauns.

Vanquished Creatures
  Saint Roka (Orc:4)
  The ghost of Infinimo the Shatterer, a powerful MiBe of Trog (Spider:1)
  Maud (Lair:6)
  A frost giant (IceCv)
  A deep elf sorcerer (D:11)
  A dire elephant (D:15)
  Snorg (Lair:3)
  A minotaur (Lab)
  A merfolk impaler (Shoals:1)
  Josephine (Orc:4)
  A fire dragon (Lair:8)
  7 hydras
  Harold (D:10)
  The ghost of Infinimo the Unseen, a powerful KoEn of Dithmenos (Lair:5)
  An ogre mage (D:13)
  Fannar (Lair:6)
  Erica (Lair:3)
  4 centaur warriors
  2 tengu warriors
  A vampire mage (D:11)
  2 death yaks (IceCv)
  5 orc high priests (Orc:4)
  Nergalle (Lair:6)
  A skeletal warrior (D:13)
  A deep elf knight (D:13)
  2 sea snakes (Shoals:1)
  A flayed ghost (D:11)
  3 hill giants
  Erolcha (Orc:4)
  2 orc sorcerers (D:11)
  3 unseen horrors
  Joseph (D:8)
  7 cyclopes
  9 orc knights
  3 fauns (Shoals:1)
  A salamander (D:15)
  8 wolf spiders (Spider:1)
  11 elephants
  Maurice (Orc:4)
  3 mermaids
  3 manticores
  10 spiny frogs
  7 naga magi (D:11)
  2 griffons
  3 gargoyles
  Psyche (D:10)
  An orange demon (D:11)
  A feature mimic (Lair:4)
  4 fire drakes
  An efreet (D:13)
  5 komodo dragons
  A centaur zombie (D:11)
  A tengu conjurer (D:14)
  3 merfolk
  4 trolls
  3 two-headed ogres
  The ghost of MDvedh the Cleaver, an average MiFi of Zin (D:4)
  3 boggarts (D:14)
  13 polar bears (IceCv)
  5 jumping spiders (Spider:1)
  A griffon zombie (D:15)
  8 ravens
  9 basilisks
  9 blink frogs
  8 slime creatures
  7 trapdoor spiders
  A grizzly bear (Lair:8)
  3 wyverns
  50 yaks
  A shadow (D:12)
  8 redbacks (Spider:1)
  A griffon skeleton (D:14)
  2 wraiths
  2 elephant slugs
  9 tarantellas (Spider:1)
  6 sharks
  5 deep elf magi
  2 deep elf fighters (D:13)
  2 hungry ghosts
  3 hill giant skeletons
  34 wolves
  A steam dragon (D:9)
  12 ugly things
  13 water moccasins
  9 vampire mosquitoes
  5 hippogriffs
  A neqoxec (Orc:4)
  5 wargs
  A tengu skeleton (D:12)
  7 mottled dragons
  5 porcupines
  53 orc warriors
  A sky beast (D:6)
  10 spiders (Spider:1)
  A swamp drake (Lair:8)
  A black bear (D:5)
  3 phantoms
  5 giant goldfish
  9 ice beasts
  A boring beetle (Lair:8)
  15 centaurs
  14 ogres
  A manticore skeleton (D:12)
  18 crocodiles
  Duvessa (D:6)
  6 giant slugs
  20 giant frogs
  4 big kobolds
  3 scorpions
  A yak zombie (D:8)
  6 wights
  A troll skeleton (D:11)
  6 electric eels
  3 wandering mushrooms (D:8)
  Dowan (D:6)
  6 crimson imps
  7 goliath beetles
  6 big fish
  11 hounds
  Crazy Yiuf (D:2)
  3 centaur skeletons
  A quasit (D:9)
  47 orc priests
  30 orc wizards
  9 iguanas
  A two-headed ogre skeleton (D:13)
  An orange rat (D:6)
  9 worker ants
  21 sheep
  A spectral hound (D:11)
  A mummy (D:11)
  3 gnolls (Orc:3)
  17 green rats
  2 orc zombies
  An inept item mimic (D:4)
  2 shadow imps
  12 white imps (Lair:4)
  17 adders
  2 giant mites
  2 inept feature mimics
  An ogre simulacrum (Orc:4)
  11 worms
  An adder zombie (D:8)
  4 giant eyeballs
  10 giant geckos
  An ooze (D:1)
  179 orcs
  26 bats
  A bat skeleton (D:5)
  A bat zombie (D:6)
  19 goblins
  13 hobgoblins
  13 jackals
  26 kobolds
  25 quokkas
  A ball python (D:1)
  11 giant cockroaches
  A giant gecko zombie (D:7)
  3 giant newts
  A giant spore (D:9)
  2 hobgoblin skeletons
  An orc simulacrum (Orc:4)
  An orc skeleton (Orc:4)
  50 rats
  A rat skeleton (D:5)
  5 ballistomycetes
  A fungus (Lair:8)
  4 plants
1208 creatures vanquished.

Vanquished Creatures (collateral kills)
  Asterion (Shoals:1)
  A deep elf sorcerer (D:11)
  Aizul (Spider:1)
  2 orb spiders (Spider:1)
  An ice statue (IceCv)
  2 wolf spiders (Spider:1)
  4 fauns (Shoals:1)
  A naga mage (D:11)
  A hellwing (D:11)
  A jumping spider (Spider:1)
  A demonic crawler (Spider:1)
  A merfolk (Shoals:1)
  A snapping turtle (Shoals:1)
  3 deep elf magi (D:11)
  2 redbacks (Spider:1)
  A tarantella (Spider:1)
  A crocodile (D:9)
  2 goliath beetles (D:6)
27 creatures vanquished.

Vanquished Creatures (others)
  A stone giant (Spider:1)
  A jumping spider (Spider:1)
  3 ogres
  A hound (D:6)
  A sheep (Shoals:1)
  An adder (D:6)
  2 orcs (Orc:4)
  2 giant spores
  2 fungi (Lair:8)
  2 plants
16 creatures vanquished.

Grand Total: 1251 creatures vanquished

Notes
Turn   | Place    | Note
--------------------------------------------------------------
     0 | D:1      | MDvedh, the Demonspawn Berserker, began the quest for the Orb.
     0 | D:1      | Reached XP level 1. HP: 18/18 MP: 1/1
   319 | D:1      | Gained mutation: You are partially covered in sharp spines. [demonic ancestry]
   319 | D:1      | Reached XP level 2. HP: 20/24 MP: 2/2
   486 | D:1      | Acquired Trog's second power
  1035 | D:2      | Reached XP level 3. HP: 21/29 MP: 3/3
  1292 | D:2      | Reached skill level 4 in Maces & Flails
  1554 | D:2      | Noticed Crazy Yiuf
  1563 | D:2      | Killed Crazy Yiuf
  1563 | D:2      | Reached XP level 4. HP: 6/35 MP: 4/4
  1846 | D:3      | Gained mutation: You have sharp toenails. [potion of mutation]
  1846 | D:3      | Gained mutation: Your flesh is heat resistant. [potion of mutation]
  1846 | D:3      | Gained mutation: Your system is resistant to poisons. [potion of mutation]
  2353 | D:3      | Reached skill level 5 in Maces & Flails
  2652 | D:4      | Noticed MDvedh's ghost (average MiFi)
  2665 | D:4      | Paralysed by a giant eyeball for 4 turns
  2670 | D:4      | Killed MDvedh's ghost
  2670 | D:4      | Reached skill level 6 in Maces & Flails
  2670 | D:4      | Reached XP level 5. HP: 7/41 MP: 5/5
  2670 | D:4      | Reached XP level 6. HP: 8/47 MP: 6/6
  3181 | D:4      | Noticed a phantom
  3200 | D:4      | Killed a phantom
  3200 | D:4      | Reached skill level 7 in Maces & Flails
  3266 | D:4      | Gained mutation: You have sharp fingernails. [demonic ancestry]
  3266 | D:4      | Reached XP level 7. HP: 44/52 MP: 7/7
  3351 | D:4      | Noticed an ogre
  3448 | D:4      | Killed an ogre
  3528 | D:4      | Noticed a phantom
  3530 | D:4      | Paralysed by a giant eyeball for 2 turns
  3556 | D:4      | Killed a phantom
  3556 | D:4      | Reached skill level 8 in Maces & Flails
  3579 | D:4      | Found a staircase to the Ecumenical Temple.
  3918 | D:4      | the staircase to the Ecumenical Temple was a mimic.
  4143 | D:5      | Entered Level 5 of the Dungeon
  4388 | D:5      | Acquired Trog's third power
  4656 | D:5      | Reached skill level 9 in Maces & Flails
  4656 | D:5      | Reached XP level 8. HP: 45/58 MP: 8/8
  4944 | D:5      | Found a glowing drain.
  5383 | D:6      | Identified a -2 rod of ignition (10/10) (You found it on level 6 of the Dungeon)
  5476 | D:6      | Noticed Duvessa
  5488 | D:6      | Killed Duvessa
  5615 | D:6      | Reached skill level 10 in Maces & Flails
  5995 | D:6      | Found an iron altar of Okawaru.
  6444 | D:6      | Reached skill level 11 in Maces & Flails
  6444 | D:6      | Reached XP level 9. HP: 53/63 MP: 9/9
  6710 | D:6      | Noticed Dowan
  6719 | D:6      | Killed Dowan
  6906 | D:6      | HP: 2/63 [goliath beetle (20)]
  7612 | D:7      | Noticed an ice statue
  7662 | D:7      | Received a gift from Trog
  7695 | D:7      | Found a white marble altar of Elyvilon.
  8303 | D:7      | Found a staircase to the Ecumenical Temple.
  8570 | D:8      | Reached skill level 12 in Maces & Flails
  8831 | D:8      | Found a blossoming altar of Fedhas.
  9011 | D:8      | Noticed Joseph
  9023 | D:8      | Killed Joseph
  9531 | D:8      | Noticed a moth of wrath
  9532 | D:8      | Found a bloodstained altar of Trog.
  9757 | D:8      | Reached skill level 13 in Maces & Flails
  9915 | D:8      | Gained mutation: You are mostly covered in sharp spines. [demonic ancestry]
  9915 | D:8      | Reached XP level 10. HP: 50/70 MP: 10/10
 10490 | D:9      | Paralysed by a giant eyeball for 3 turns
 11040 | D:9      | Noticed an elephant
 11064 | D:9      | Killed an elephant
 11064 | D:9      | Reached skill level 14 in Maces & Flails
 12491 | D:9      | Found a staircase to the Lair.
 12578 | D:9      | Found a snail-covered altar of Cheibriados.
 12842 | Lair:1   | Entered Level 1 of the Lair of Beasts
 13101 | Lair:1   | Found a labyrinth entrance.
 13135 | Lab      | Entered a labyrinth
 13321 | Lab      | Gained mutation: You can steal the life force of nearby defeated enemies. [demonic ancestry]
 13321 | Lab      | Reached XP level 11. HP: 75/75 MP: 11/11
 13472 | Lab      | Reached skill level 5 in Armour
 13864 | Lab      | Noticed a minotaur
 13873 | Lab      | Killed a minotaur
 13935 | Lair:1   | Identified a scroll of acquirement
 15638 | Lair:2   | Noticed a four-headed hydra
 15645 | Lair:2   | Killed a four-headed hydra
 15910 | Lair:3   | Noticed Snorg
 15923 | Lair:3   | Killed Snorg
 16042 | Lair:3   | Noticed Erica
 16108 | Lair:3   | Killed Erica
 16108 | Lair:3   | Received a gift from Trog
 16108 | Lair:3   | Reached skill level 10 in Armour
 16619 | Lair:3   | Gained mutation: You can steal the life force of defeated enemies. [demonic ancestry]
 16619 | Lair:3   | Reached XP level 12. HP: 66/81 MP: 12/12
 17003 | Lair:3   | Got a dazzling helmet
 17007 | Lair:3   | Identified the +0 helmet of Cuxzuh {Int-4 Acc+6} (You found it on level 3 of the Lair of Beasts)
 17669 | Lair:4   | Noticed a seven-headed hydra
 17676 | Lair:4   | Killed a seven-headed hydra
 17720 | Lair:4   | Found a hole to the Spider Nest.
 17795 | Lair:4   | Noticed an eight-headed hydra
 17804 | Lair:4   | Killed an eight-headed hydra
 17833 | Lair:4   | Received a gift from Trog
 17846 | Lair:4   | Found a frozen archway.
 17922 | IceCv    | Entered an ice cave
 18718 | IceCv    | Reached skill level 5 in Fighting
 18824 | IceCv    | Gained mutation: You are completely covered in sharp spines. [demonic ancestry]
 18824 | IceCv    | Reached XP level 13. HP: 68/92 MP: 13/13
 18958 | IceCv    | Noticed a frost giant
 18977 | IceCv    | Killed a frost giant
 19051 | IceCv    | Got a flickering glass ring
 19143 | Lair:4   | Found a staircase to the Shoals.
 19240 | Lair:4   | the staircase to the Shoals was a mimic.
 20037 | Lair:5   | Noticed Infinimo's ghost (powerful KoEn)
 20053 | Lair:5   | Killed Infinimo's ghost
 20186 | Lair:5   | Received a gift from Trog
 20889 | Lair:6   | Reached skill level 10 in Fighting
 20890 | Lair:6   | Noticed Nergalle
 20910 | Lair:6   | Killed Nergalle
 20936 | Lair:6   | Found a staircase to the Shoals.
 20989 | Lair:6   | Noticed Maud
 21006 | Lair:6   | Killed Maud
 21143 | Lair:6   | Found a staircase to the Slime Pits.
 21144 | Lair:6   | Found a viscous altar of Jiyva.
 21173 | Lair:6   | Identified the ring of Xom's Regard {+/*Tele Dex+2 Int+4} (You found it in an ice cave)
 21375 | Lair:6   | Noticed Fannar
 21399 | Lair:6   | Killed Fannar
 21810 | Lair:7   | Reached skill level 15 in Maces & Flails
 22093 | Lair:7   | Received a gift from Trog
 22099 | Lair:7   | Got a jewelled dire flail {god gift}
 22100 | Lair:7   | Identified the +4,+10 dire flail of Rotation {elec, rElec} (Trog gifted it to you on level 7 of the Lair of Beasts)
 22859 | Lair:8   | Entered Level 8 of the Lair of Beasts
 22938 | Lair:8   | Gained mutation: You are partially covered in large bone plates (AC +2, SH +2). [demonic ancestry]
 22938 | Lair:8   | Reached XP level 14. HP: 113/113 MP: 14/14
 24457 | D:10     | Entered Level 10 of the Dungeon
 24457 | D:10     | Found a burning altar of Makhleb.
 24516 | D:10     | Found a staircase to the Orcish Mines.
 24565 | D:10     | Got a jewelled helmet
 24606 | D:10     | Received a gift from Trog
 24895 | D:10     | Noticed Harold
 24908 | D:10     | Killed Harold
 25005 | D:10     | Identified the +0 helmet "Gowoll" {+Blink +Fly rPois rN+ Dex+1} (You found it on level 10 of the Dungeon)
 25059 | D:10     | Noticed Psyche
 25064 | D:10     | Killed Psyche
 25343 | Orc:1    | Entered Level 1 of the Orcish Mines
 25450 | Orc:1    | Received a gift from Trog
 25795 | Orc:1    | Found a roughly hewn altar of Beogh.
 26221 | Orc:2    | Received a gift from Trog
 26490 | Orc:3    | Found a staircase to the Elven Halls.
 26596 | Orc:3    | Received a gift from Trog
 26643 | Orc:3    | Found a bloodstained altar of Trog.
 27120 | Orc:4    | Entered Level 4 of the Orcish Mines
 27134 | Orc:4    | Noticed Josephine
 27152 | Orc:4    | Killed Josephine
 27193 | Orc:4    | Noticed Saint Roka
 27241 | Orc:4    | Killed Saint Roka
 27251 | Orc:4    | Received a gift from Trog
 27357 | Orc:4    | Noticed Erolcha
 27364 | Orc:4    | Killed Erolcha
 27550 | Orc:4    | Noticed Maurice
 27561 | Orc:4    | Received a gift from Trog
 27572 | Orc:4    | Killed Maurice
 27945 | Orc:4    | Reached skill level 15 in Fighting
 28010 | Orc:4    | Gained mutation: You are mostly covered in large bone plates (AC +3, SH +4). [demonic ancestry]
 28010 | Orc:4    | Reached XP level 15. HP: 129/129 MP: 15/15
 28018 | Orc:4    | Received a gift from Trog
 28061 | Orc:4    | Found Cheriem's Magic Scroll Boutique.
 28061 | Orc:4    | Found Clejo's Gadget Shop.
 28061 | Orc:4    | Found Mnegus' Jewellery Shop.
 28063 | Orc:4    | Found Chaitt's Gadget Shop.
 28073 | Orc:4    | Bought the ring of Ykehoiw {+Blink +Fly SInv} for 435 gold pieces
 28073 | Orc:4    | Bought an uncursed ring of see invisible for 210 gold pieces
 28078 | Orc:4    | Bought a scroll of identify for 26 gold pieces
 28078 | Orc:4    | Bought a scroll of identify for 26 gold pieces
 28078 | Orc:4    | Bought a scroll of identify for 26 gold pieces
 28078 | Orc:4    | Bought a scroll of vulnerability for 97 gold pieces
 28078 | Orc:4    | Bought a scroll of enchant weapon II for 71 gold pieces
 28078 | Orc:4    | Bought a scroll of fog for 26 gold pieces
 28078 | Orc:4    | Bought a scroll of teleportation for 39 gold pieces
 28078 | Orc:4    | Bought a scroll of magic mapping for 45 gold pieces
 28078 | Orc:4    | Bought a scroll of enchant weapon II for 71 gold pieces
 28078 | Orc:4    | Bought a scroll of identify for 26 gold pieces
 28185 | Orc:4    | Found Gudau's Weapon Shoppe.
 28271 | Orc:4    | Found Vypodej's Antique Armour Emporium.
 28281 | Orc:4    | Bought a shiny plate armour for 851 gold pieces
 29304 | D:11     | Found a deep blue altar of Sif Muna.
 29312 | D:11     | Reached skill level 16 in Fighting
 29317 | D:11     | Received a gift from Trog
 29347 | D:11     | Noticed a deep elf sorcerer
 29357 | D:11     | Killed a deep elf sorcerer
 29395 | D:11     | Got a transparent platinum ring
 29516 | D:11     | Noticed a deep elf sorcerer
 29530 | D:11     | Killed a deep elf sorcerer
 29573 | D:11     | Identified a +0 rod of striking (9/9) (You found it on level 11 of the Dungeon)
 29574 | D:11     | Identified a +4 rod of destruction (13/13) (You found it on level 11 of the Dungeon)
 29649 | D:11     | Identified the ring "Oweu" {Str+3 Int+3} (You found it on level 11 of the Dungeon)
 30238 | D:12     | Received a gift from Trog
 30696 | D:13     | Reached skill level 17 in Fighting
 30934 | D:13     | Found a gate to the Vaults.
 31122 | D:13     | Gained mutation: You can breathe flames. [potion of mutation]
 31122 | D:13     | Gained mutation: You are clumsy. (Dex -2) [potion of mutation]
 31281 | D:13     | Received a gift from Trog
 31701 | D:14     | Reached skill level 18 in Fighting
 31875 | D:14     | Found a sparkling altar of Nemelex Xobeh.
 32022 | D:15     | Entered Level 15 of the Dungeon
 32322 | D:15     | Found a staircase to the Depths.
 32324 | D:15     | Received a gift from Trog
 32324 | D:15     | Reached XP level 16. HP: 115/144 MP: 16/16
 33101 | Spider:1 | Entered Level 1 of the Spider Nest
 33176 | Spider:1 | Noticed Aizul
 33199 | Spider:1 | Killed Aizul
 33810 | Spider:1 | Noticed Infinimo's ghost (powerful MiBe)
 33826 | Spider:1 | Killed Infinimo's ghost
 34094 | Spider:1 | Received a gift from Trog
 34418 | Shoals:1 | Entered Level 1 of the Shoals
 34546 | Shoals:1 | Got a polished leather armour
 34547 | Shoals:1 | Identified the +2 leather armour "Guabreq" {Dex+4 Acc+4} (You found it on level 1 of the Shoals)
 35336 | Shoals:1 | Noticed Asterion
 35355 | Shoals:1 | Killed Asterion
 35485 | Shoals:1 | HP: 6/145 [faun/runed spear (17)]
 35485 | Shoals:1 | HP: 2/145 [faun/runed spear (4)]
 35485 | Shoals:1 | Mangled by a faun

Action                   |  1- 3 |  4- 6 |  7- 9 | 10-12 | 13-15 | 16-18 || total
-------------------------+-------+-------+-------+-------+-------+-------++-------
Melee: Mace              |    88 |    91 |   193 |       |       |       ||   372
       Flail             |       |       |   401 |   341 |   106 |       ||   848
       Dire flail        |       |       |     3 |   775 |  1656 |   273 ||  2707
       Great mace        |       |       |       |    27 |       |       ||    27
       Eveningstar       |       |       |       |       |    80 |       ||    80
Invok: Berserk           |     1 |     1 |     9 |    19 |     9 |     1 ||    40
       Brothers in Arms  |       |       |     2 |     3 |     2 |     7 ||    14
       Trog's Hand       |       |       |     1 |     4 |     6 |     5 ||    16
       Burn Spellbooks   |       |       |     1 |     1 |     6 |     1 ||     9
 Abil: Evoke Jump Attack |       |       |       |       |     1 |       ||     1
Evoke: Wand              |       |       |     3 |     9 |     5 |       ||    17
  Use: Scroll            |       |    10 |     4 |    16 |    11 |     4 ||    45
       Potion            |       |     1 |     3 |     6 |     4 |     7 ||    21
 Stab: Sleeping          |     1 |       |       |       |       |       ||     1
       Fleeing           |       |       |       |     1 |       |       ||     1
       Invisible         |       |       |       |       |     6 |       ||     6
